 Dungeon Crawl Stone Soup version 0.32-a0-747-gc8563f6773 (webtiles) character file.

Game seed: 3863090974049160727

3427 cojito the Trooper (level 9, 0/79 HPs)
             Began as a Purple Draconian Shapeshifter on Mar 17, 2024.
             Was an Elder of Uskayaw.
             Slain by Joseph
             ... wielding a +0 quarterstaff
              (12 damage)
             ... on level 8 of the Dungeon.
             The game lasted 00:11:31 (5168 turns).

cojito the Trooper (Purple Draconian Shapeshifter)  Turns: 5168, Time: 00:11:31

Health: 0/79       AC:  7    Str: 21    XL:     9   Next: 76%
Magic:  9/13       EV: 12    Int: 11    God:    Uskayaw [****..]
Gold:   306        SH:  0    Dex: 10    Spells: 8/8 levels left

rFire   + .          .
                       - Unarmed
rCold   . . .        (no shield)
rNeg    . . .        (body armour unavailable)
rPois   .            (helmet currently unavailable)
rElec   .            (cloak currently unavailable)
rCorr   .            (gloves currently unavailable)
SInv    .            (boots currently unavailable)
Will    +....        (no amulet)
Stlth   +            j - ring of flight
HPRegen 0.33/turn    v - ring of protection from fire
MPRegen 0.13/turn

%: no passive effects
@: beast-form, flying, hasted, very quick
A: beast (slay +3), nullifying breath, AC +7, unfitting armour, cold-blooded
a: Nullifying Breath, Begin Untransformation, Renounce Religion, Stomp, Line
Pass


You were on level 8 of the Dungeon.
You worshipped Uskayaw.
Uskayaw was noncommittal.
You were a hulking beast.
You visited 2 branches of the dungeon, and saw 9 of its levels.

You collected 426 gold pieces.
You spent 120 gold pieces at shops.

Inventory:

Hand Weapons
 e - a +1 dagger of venom
Armour
 n - a +0 pair of gloves
 x - an orb of mayhem
Jewellery
 j - a ring of flight (left hand)
 v - a ring of protection from fire (right hand)
 z - a ring of wizardry
 B - an amulet of the acrobat
Talismans
 b - a beast talisman (active)
 c - a flux talisman
Wands
 u - a wand of mindburst (15)
 y - a wand of polymorph (7)
 A - a wand of flame (20)
Scrolls
 d - 2 scrolls of fog {unknown}
 g - 4 scrolls of teleportation
 h - 2 scrolls of blinking
 i - 2 scrolls of amnesia
 k - 2 scrolls of fear
 m - a scroll of revelation {unknown}
 o - a scroll of silence {unknown}
 p - 2 scrolls of enchant weapon {unknown}
 r - 2 scrolls of immolation {unknown}
Potions
 l - a potion of cancellation
 q - a potion of attraction
 s - a potion of haste
 t - a potion of resistance {unknown}
 w - a potion of curing {unknown}
 C - a potion of brilliance {unknown}
 D - a potion of berserk rage {unknown}
 E - 2 potions of mutation {unknown}


   Skills:
 + Level 7.0 Fighting
 + Level 6.1 Dodging
 + Level 7.0 Unarmed Combat
 * Level 6.0 Invocations
 + Level 6.5 Shapeshifting


You had 8 spell levels left.
You didn't know any spells.
Your spell library contained the following spells:

 Spells                   Type           Power      Damage    Failure   Level
 Apportation              Tloc           0%         N/A       34%         1
 Necrotise                Necr           0%         1d4       34%         1
 Sting                    Conj/Alch      0%         1d3       34%         1
 Summon Small Mammal      Summ           0%         N/A       34%         1
 Scorch                   Fire           0%         2d5       47%         2
 Animate Dead             Necr           0%         N/A       98%         4
 Curse of Agony           Necr           0%         N/A       100%        5
 Borgnjor's Revivificati  Necr           0%         N/A       100%        8


Dungeon Overview and Level Annotations

Branches:
Dungeon (8/15)             Temple (1/1) D:6
   Lair: D:8-11

Altars:
Ashenzari
Cheibriados
Dithmenos
Elyvilon
Fedhas
Gozag
Hepliaklqana
Makhleb
Nemelex Xobeh
Okawaru
Qazlal
Ru
Sif Muna
Trog
Uskayaw
Vehumet
Wu Jian
Xom
Yredelemnul
Zin
The Shining One
Lugonu

Shops:
D:3 *

Portals:
Abyss: D:3
Bailey: D:8

Annotations:
D:3 3 runed translucent doors, Griffin23's ghost, amateur MiFi
D:8 Joseph


Innate Abilities, Weirdness & Mutations

You are a hulking beast.
Your limbs bulge with bestial killing power. (Slay +3)
You can breathe blasts of antimagic.
Your rich purple scales are hard. (AC +7)
You cannot fit into any form of body armour.
You are cold-blooded and may be slowed by cold attacks.


Message History

The orc priest calls upon Beogh to heal the orc warrior.
The orc warrior's wounds heal themselves!
You hit the orc priest.
The orc priest is moderately wounded.
You closely miss the orc priest.
The orc priest is moderately wounded.
The orc misses you. The orc warrior completely misses you.
The orc priest hits you with a +0 hand axe.
Aiming: Line Pass
Press: ? - help, Dir - move target The orc priest appears confused.
Joseph appears confused.
You strike the helpless Joseph from behind!
You punch Joseph!
Joseph is lightly wounded.
Joseph unwields a +0 sling.
Joseph wields a +0 quarterstaff.
Joseph hits you with a +0 quarterstaff!
* * * LOW HITPOINT WARNING * * *
You punch the orc priest!
You kill the orc priest!
The orc closely misses you.
You hit Joseph.
Joseph is lightly wounded.
Uskayaw will force your foes to share their pain.
Uskayaw links your audience in an emotional bond!
You punch the orc!
You kill the orc!
The orc warrior hits you with a +0 war axe.
* * * LOW HITPOINT WARNING * * *
You punch the orc warrior!
The orc warrior is severely wounded.
Joseph seems less confused.
You hit the orc warrior but do no damage.
The orc warrior is severely wounded.
The orc warrior hits you with a +0 war axe.
* * * LOW HITPOINT WARNING * * *
You closely miss Joseph.
Joseph is heavily wounded.
Joseph hits you with a +0 quarterstaff!
You die...
Your body falls in perfect tune with the rhythm.

##.................
#...##...............
#...###.ß............
...### #..............
.... #.ß...(.......#
#... # #.............#
....#.#.#.ß...........#
.......[..?..........
......#.ß....h....##
.....##.....o@)....#
..#...#..........ß...
.....................
.............ß.....ß.
................_..$.
...........ß.....ß.
......[..#..........
........####..ß.ß..


You could see Joseph (pain bonded) and an orc warrior (pain bonded).

Vanquished Creatures
  Gastronok (D:8)
  Pikel (D:7)
  Jeremiah (D:7)
  A water moccasin (D:6)
  An ice beast (D:6)
  4 lemures (D:7)
  3 bullfrogs
  5 scorpions
  A howler monkey (D:6)
  A bombardier beetle (D:4)
  9 orc priests
  7 hounds
  3 iguanas
  4 orc wizards
  Robin (D:3)
  8 adders
  4 gnolls
  4 ufetubi
  3 dart slugs
  2 ribbon worms
  27 orcs
  5 ball pythons
  2 bats
  8 endoplasms
  2 giant cockroaches
  18 goblins
  5 hobgoblins
  2 jackals (D:1)
  7 quokkas
  6 frilled lizards
  3 kobolds
  6 rats
155 creatures vanquished.

Vanquished Creatures (others)
  2 lurking horrors (D:3)
2 creatures vanquished.

Grand Total: 157 creatures vanquished

Notes
Turn   | Place    | Note
-------+----------+-------------------------------------------
     0 | D:1      | cojito the Draconian Shapeshifter began the quest for the
                  | Orb.
     0 | D:1      | Reached XP level 1. HP: 16/16 MP: 1/1
    62 | D:1      | Reached XP level 2. HP: 23/23 MP: 2/2
   216 | D:1      | Reached XP level 3. HP: 29/29 MP: 3/3
   244 | D:1      | Found a faded altar of an unknown god.
   697 | D:2      | Reached XP level 4. HP: 31/36 MP: 4/4
   967 | D:3      | Found a one-way gate to the infinite horrors of the Abyss.
  1061 | D:3      | Found a corrupted altar of Lugonu.
  1120 | D:3      | Found a runed translucent gate.
  1124 | D:3      | Noticed Robin
  1229 | D:5      | Entered Level 5 of the Dungeon
  1263 | D:4      | Noticed a scorpion
  1264 | D:4      | Reached XP level 5. HP: 42/42 MP: 5/5
  1291 | D:3      | Found Etydgh's Assorted Antiques.
  1304 | D:3      | Bought a scroll labelled DOUGINA QICSUUTSEI for 31 gold
                  | pieces
  1304 | D:3      | Bought a scroll of identify for 62 gold pieces
  1304 | D:3      | Bought a white potion for 27 gold pieces
  1336 | D:3      | Reached XP level 6. HP: 51/51 MP: 6/6
  1508 | D:3      | Found a runed translucent gate.
  1508 | D:3      | Found a runed translucent gate.
  1558 | D:3      | Noticed Griffin23's ghost (amateur MiFi)
  1707 | D:3      | Identified the +5 sling of a bailey {elec, Str+2 Int+3}
  1728 | D:3      | Killed Robin
  2466 | D:4      | Your scales start taking on a rich purple colour.
  2466 | D:4      | Reached XP level 7. HP: 55/59 MP: 7/7
  2669 | D:5      | Reached skill level 5 in Unarmed Combat
  3248 | D:6      | Reached skill level 5 in Shapeshifting
  3491 | D:6      | Reached skill level 5 in Fighting
  3501 | D:6      | Reached XP level 8. HP: 57/68 MP: 8/8
  3560 | D:6      | Found a staircase to the Ecumenical Temple.
  3678 | Temple   | Entered the Ecumenical Temple
  3716 | Temple   | Became a worshipper of Uskayaw the Reveller
  3770 | D:6      | Reached * piety under Uskayaw
  4246 | D:7      | Reached ** piety under Uskayaw
  4356 | D:7      | Noticed Pikel
  4378 | D:7      | Reached *** piety under Uskayaw
  4384 | D:7      | Reached **** piety under Uskayaw
  4437 | D:7      | Reached skill level 1 in Invocations
  4440 | D:7      | Reached skill level 5 in Dodging
  4445 | D:7      | Noticed Jeremiah
  4584 | D:7      | Killed Jeremiah
  4602 | D:7      | Got the Directory of the Tomato
  4648 | D:7      | Killed Pikel
  4649 | D:7      | Reached XP level 9. HP: 51/75 MP: 10/12
  5046 | D:8      | Found a flagged portal.
  5112 | D:8      | Noticed Gastronok
  5136 | D:8      | Found a faded altar of an unknown god.
  5147 | D:8      | Killed Gastronok
  5148 | D:8      | Noticed Joseph
  5168 | D:8      | Slain by Joseph

Illustrated notes

Levels and vault maps discovered:
D:1:      onia_arrival_pentagram, layout_rooms,
          shapermc_ecumenical_altar_totnotflames, corexii_leaking_fountain
D:2:      layout_rooms
D:3:      layout_rooms, serial_shops, shop, gammafunk_ghost_icy,
          amcnicky_altar_lugonu_corruption, uniq_robin
D:4:      layout_cave_pools
D:5:      layout_basic, nicolae_ossuary_entry_monument,
          cheibrodos_sewer_entry_bend
D:6:      layout_loops_ring, minmay_temple_entry_sparse_star
D:7:      layout_basic, uniq_jeremiah, uniq_pikel
D:8:      layout_cave_pools, gammafunk_ghost_hive, enter_bailey_6,
          serial_column_ruins, column_ruins_temple_circle, column_ruins_hut,
          column_ruins_grid_1, column_ruins_columns_straight,
          column_ruins_grid_1, chequers_serial_rivers_micro_d, uniq_joseph,
          uniq_prince_ribbit1, uniq_gastronok, uniq_psyche
Temple:   mainiacjoe_temple_trianglar_array

Skill      XL: |  1  2  3  4  5  6  7  8  9 |
---------------+----------------------------+-----
Dodging        | 2 3 4 5 6 |  6.1
Fighting       | 2 3 4 5 6 7 |  7.0
Unarmed Combat | 4 5 6 7 |  7.0
Shapeshifting  | 4 5 6 |  6.5
Invocations    | 4 6 |  6.0

Action                     |  1- 3 |  4- 6 |  7- 9 || total
---------------------------+-------+-------+-------++-------
  Melee: Unarmed           |    86 |   224 |   247 ||   557
         Tailslap          |     7 |    19 |    36 ||    62
         Punch             |     2 |     5 |    11 ||    18
         Dagger            |       |     5 |       ||     5
 Invoke: Line Pass         |       |       |     1 ||     1
Ability: Nullifying Breath |       |       |     5 ||     5
    Use: Scroll            |     5 |     3 |     2 ||    10
         Potion            |       |     3 |     5 ||     8
   Stab: Invisible         |       |     6 |       ||     6
         Paralysed         |       |       |     7 ||     7
         Confused          |       |       |     1 ||     1
 Armour: Skin              |    37 |   196 |   145 ||   378
  Dodge: Dodged            |    46 |   130 |   112 ||   288

Table legend: (Time is in decaauts)
 A = Elapsed time spent in this place.
 B = Non-inter-level travel time spent in this place.
 C = Inter-level travel time spent in this place.
 D = Time resting spent in this place.
 E = Time spent auto-exploring this place.
 F = Levels seen in this place.
 G = Mean time per level.
                   A        B        C        D        E       F      G
               +--------+--------+--------+--------+--------+-----+--------+
         Total |   5112 |   4825 |    287 |    759 |   2704 |   9 |  568.0 |
       Dungeon |   5036 |   4822 |    214 |    759 |   2704 |   8 |  629.5 |
        Temple |     75 |      2 |     73 |      0 |      0 |   1 |   75.0 |
               +--------+--------+--------+--------+--------+-----+--------+

Top non-repeatable levels by time:
     D:6: 1003 daAuts
     D:7: 930 daAuts
     D:5: 814 daAuts
     D:3: 733 daAuts
     D:1: 576 daAuts
     D:4: 524 daAuts
     D:2: 375 daAuts
     D:8: 80 daAuts
  Temple: 75 daAuts
